cohdb
Replays
Latest Replays
All Replays
Popular Replays
Top Player Replays
Match Explorer
How It Works
Community
CoH3 Stats
Reddit
Sign in to upload your games and track your stats! →
Sign in with Steam
Victory Winter-Line in 17_30
Match 19186787
Overview
Messages
Build Orders
End
Royal Engineer Section
Selects Indian Artillery Battlegroup
Construct Section Command Post
Infantry Section
Vickers Machine Gun Team
Vickers Machine Gun Team
Grenade Package
Infantry Section
Selects Towed ML 4.2-inch Heavy Mortar
Infantry Section
Selects Valour
Construct Field Infirmary
Towed ML 4.2-inch Heavy Mortar
AI Takeover
SirHilaryManfat
bipolar bear
402314279
インペリアルイーグル
MIA_lu
AirborneDivision
Dunce Gollum
正五边形战士-王德发[wtf]
0
0
Comments
sign in to comment!
No comments posted yet!